 Dungeon Crawl Stone Soup version 0.24.0-125-gc4c63601f3 (webtiles) character file.

Game seed: 12897766792634810893, levelgen mode: deterministic

409 Anathary the Slasher (level 6, -2/47 HPs)
             Began as a Demonspawn Fighter on Mar 11, 2020.
             Killed from afar by Ijyb (16 damage)
             ... with a bolt of acid
             ... on level 3 of the Dungeon.
             The game lasted 00:12:39 (2627 turns).

Anathary the Slasher (Demonspawn Fighter)           Turns: 2627, Time: 00:12:39

Health: -2/47      AC:  3    Str: 19    XL:     6   Next: 58%
Magic:  15/15      EV: 17    Int:  9    God:
Gold:   52         SH:  9    Dex: 17    Spells: 5/5 levels left

rFire    . . .     SeeInvis .   a - +0 long sword
rCold    . . .     Gourm    .   c - +0 shield
rNeg     . . .     Faith    .   b - +0 scale mail
rPois    .         Spirit   .   (no helmet)
rElec    .         Reflect  .   (no cloak)
rCorr    .         Harm     .   e - +0 pair of gloves
MR       .....                  (no boots)
Stlth    ++........             (no amulet)
HPRegen  0.15/turn              k - +4 ring of evasion (curse)
MPRegen  0.14/turn              o - ring of magical power

@: agile, corroded
A: powered by pain 1, spiny 1, sturdy frame 1
a: no special abilities


You were on level 3 of the Dungeon.
You were not hungry.

You visited 1 branch of the dungeon, and saw 3 of its levels.
You also visited: Sewer.

You collected 52 gold pieces.

Inventory:

Hand Weapons
 a - a +0 long sword (weapon)
Armour
 b - a +0 scale mail (worn)
 c - a +0 shield (worn)
 e - a +0 pair of gloves (worn)
 v - a +0 plate armour
Jewellery
 k - a cursed +4 ring of evasion (left hand)
 o - a ring of magical power (right hand)
Scrolls
 h - a scroll of enchant weapon {unknown}
 i - a scroll of enchant armour {unknown}
 j - 4 scrolls of identify {unknown}
 m - a scroll of blinking {unknown}
 p - 5 scrolls of teleportation {unknown}
 q - a scroll of fog {unknown}
 r - 2 scrolls of magic mapping {unknown}
 t - 2 scrolls of fear {unknown}
Potions
 d - 4 potions of might
 g - 5 potions of curing {unknown}
 l - a potion of agility {unknown}
 n - a potion of flight {unknown}
 s - 2 potions of magic {unknown}
 u - a potion of heal wounds {unknown}
Comestibles
 f - 3 rations


   Skills:
 - Level 3.0 Fighting
 * Level 6.2 Long Blades
 - Level 2.6 Armour
 + Level 1.2 Dodging
 + Level 0.2 Stealth
 - Level 2.6 Shields


You had 5 spell levels left.
You didn't know any spells.
Your spell library was empty.

Dungeon Overview and Level Annotations

Branches:
Dungeon (3/15)              Sewer (visited)

Altars:

Annotations:
D:2 1 runed translucent door, Crazy Yiuf
D:3 Ijyb


Innate Abilities, Weirdness & Mutations

You sometimes gain a little power by taking damage.
You are partially covered in sharp spines.
Your movements are slightly less encumbered by armour. (ER -2)


Message History

* * * LOW HITPOINT WARNING * * *
You focus on the pain.
You feel agile all of a sudden.
You barely miss Ijyb.
Ijyb is severely wounded.
Ijyb completely misses you.
You closely miss Ijyb.
Ijyb is severely wounded.
Ijyb zaps a wand.
The bolt of acid misses you.
Your shield and scale mail prevent you from hitting Ijyb.
Ijyb is severely wounded.
Ijyb zaps a wand.
The bolt of acid misses you.
You completely miss Ijyb.
Ijyb is severely wounded.
Ijyb screams, "Me kill you!" Ijyb closely misses you.
You barely miss Ijyb.
Ijyb is severely wounded.
Ijyb zaps a wand.
The bolt of acid hits you!
You die...

#≈#≈#.≈##≈###.####
#≈#≈###≈#≈#.....>#
#≈#.≈≈≈##≈#.#.##.#
#.#######≈#.#.##.#
##÷≈≈.≈≈≈##......#
##########..###.##
#..... #..# #.#
.#....g####..# #.#
.......@.....# #.#
#.##.........# #.#
#.##.....## #.# #
#....###.####.#
#.#.............#
#......###.######
.......# #.#
#.....# #.#
#....###'##


You could see Ijyb.

Vanquished Creatures
  2 bullfrogs (Sewer)
  Terence (D:2)
  3 gnolls (D:2)
  8 adders
  7 river rats
  A worm (D:3)
  A dart slug (D:1)
  3 leopard geckos
  4 bats (D:1)
  5 giant cockroaches
  5 goblins
  6 hobgoblins (D:2)
  6 jackals (D:2)
  4 kobolds
  A quokka (D:2)
  14 ball pythons
  5 frilled lizards
  27 rats
103 creatures vanquished.

Notes
Turn   | Place    | Note
-------+----------+-------------------------------------------
     0 | D:1      | Anathary the Demonspawn Fighter began the quest for the
                  | Orb.
     0 | D:1      | Reached XP level 1. HP: 18/18 MP: 1/1
    22 | D:1      | Reached skill level 2 in Long Blades
   160 | D:1      | Gained mutation: You sometimes gain a little power by
                  | taking damage. [demonic ancestry]
   160 | D:1      | Reached XP level 2. HP: 21/24 MP: 2/2
   454 | D:2      | Reached skill level 3 in Long Blades
   454 | D:2      | Reached XP level 3. HP: 29/29 MP: 3/3
   811 | D:2      | Found a runed translucent door.
   812 | D:2      | Noticed Crazy Yiuf
   844 | D:2      | Noticed Terence
   855 | D:2      | Killed Terence
   855 | D:2      | Reached skill level 4 in Long Blades
   855 | D:2      | Reached XP level 4. HP: 27/35 MP: 4/4
  1579 | D:3      | Gained mutation: You are partially covered in sharp spines.
                  | [demonic ancestry]
  1579 | D:3      | Reached XP level 5. HP: 41/41 MP: 5/5
  1682 | D:3      | Found a glowing drain.
  1686 | Sewer    | Entered a sewer
  1752 | Sewer    | Reached skill level 5 in Long Blades
  2104 | Sewer    | Reached skill level 1 in Dodging
  2104 | Sewer    | Gained mutation: Your movements are slightly less
                  | encumbered by armour. (ER -2) [demonic ancestry]
  2104 | Sewer    | Reached XP level 6. HP: 31/47 MP: 6/6
  2107 | Sewer    | Reached skill level 6 in Long Blades
  2613 | D:3      | Noticed Ijyb
  2627 | D:3      | Killed from afar by Ijyb

Levels and vault maps discovered:
D:1:      minmay_arrival_split_and_join, layout_rooms, st_stairs_7
D:2:      layout_loops_cross, first_ration, uniq_terence,
          uniq_crazy_yiuf_cottage
D:3:      layout_basic, yredelemnul_altar_generic, gup_sewer_entry_spiral,
          uniq_ijyb

Skill      XL: |  1  2  3  4  5  6 |
---------------+-------------------+-----
Long Blades    | 2 3 4 5 6 |  6.2
Dodging        | 1 |  1.2
Fighting       | |  3.0
Armour         | |  2.6
Stealth        | |  0.2
Shields        | |  2.6

Action                   |  1- 3 |  4- 6 || total
-------------------------+-------+-------++-------
Melee: Long sword        |    79 |   177 ||   256
  Eat: Ration            |       |     2 ||     2
Armor: Scale mail        |    28 |    48 ||    76
Dodge: Dodged            |    23 |    87 ||   110
Block: Shield            |    32 |    91 ||   123
       Rpst.: Long sword |     5 |    24 ||    29
